Map: Acropolis LE

Players

Mesrob - Winner!

  • Race: Terran Terran
  • League: Platinum
  • Spawn Location: 11:00

SteveFrench

  • Race: Protoss Protoss
  • League: Gold
  • Spawn Location: 5:00

VOD

Have the link to the VOD?

Description

Time

  • Played on: July 15, 2019, 4:52 p.m.
  • Length: 11:27
Show
View Real Time Build Order
Export as new Build Order

Mesrob Terran - Winner!

Build Orders: Reaper Expand 

Get SALT Encoding   

  12  0:01  SCV  
  13  0:13  SCV  
  14  0:17  Supply Depot  
  14  0:25  SCV  
  15  0:38  SCV  
  15  0:40  Barracks  
  16  0:50  SCV  
  17  0:57  Refinery  
  17  1:03  SCV  
  18  1:15  SCV  
  19  1:27  Orbital Command  
  19  1:37  Command Center  
  19  1:47  Refinery  
  19  1:50  Supply Depot  
  19  1:55  Reaper  
  19  1:58  SCV  
  21  2:11  SCV  
  22  2:25  SCV  
  22  2:28  Barracks Reactor  
  23  2:34  Factory  
  23  2:39  SCV  
  24  2:50  Orbital Command  
  24  2:51  SCV  
  24  2:58  Supply Depot  
  25  3:06  SCV  
  26  3:18  SCV  
  27  3:21  Supply Depot  
  27  3:22  Engineering Bay  
  27  3:30  SCV x2  
  29  3:37  Refinery  
  29  3:38  Hellion x2  
  33  3:46  Factory  
  33  3:48  SCV x2  
  35  3:50  Armory  
  35  3:55  Supply Depot  
  35  4:00  SCV x2  
  37  4:04  Hellion x2  
  41  4:12  SCV  
  42  4:23  Missile Turret  
  42  4:24  SCV  
  43  4:25  SCV  
  43  4:29  Hellion x2  
  43  4:31  Factory Tech Lab  
  48  4:35  Supply Depot  
  48  4:36  SCV  
  48  4:37  SCV  
  50  4:42  Missile Turret  
  50  4:45  Refinery  
  50  4:48  SCV  
  50  4:49  SCV  
  50  4:51  Cyclone  
  50  4:52  Mag-Field Accelerator  
  55  4:54  Terran Vehicle Weapons Level 1  
  55  4:58  Armory  
  55  5:03  Hellion x2  
  55  5:06  Missile Turret  
  59  5:09  SCV x2  
  61  5:19  Command Center  
  61  5:59  Cyclone  
  61  6:00  Hellion x2  
  68  6:08  Factory, SCV x2  
  69  6:20  SCV  
  70  6:29  Hellion  
  70  6:30  Hellion  
  74  6:42  SCV x2  
  76  6:57  Factory Tech Lab, Cyclone  
  76  6:59  Hellion x2  
  83  7:21  Cyclone  
  83  7:22  Hellion x2  
  90  7:28  Starport  
  90  7:30  Starport  
  90  7:39  Factory  
  90  7:41  Factory  
  90  7:45  Hellion  
  90  7:51  Supply Depot  
  92  7:55  Hellion, Cyclone  
  92  7:56  Supply Depot  
  97  7:58  Supply Depot  
  97  8:04  Planetary Fortress  
  97  8:09  SCV x2  
  99  8:15  Starport Reactor x2, Supply Depot  
  99  8:17  Refinery  
  99  8:21  SCV x2  
  99  8:22  Supply Depot  
  99  8:23  Supply Depot  
  101  8:33  SCV x2  
  103  8:43  Refinery  
  103  8:45  SCV  
  103  8:46  SCV x2  
  103  8:47  Supply Depot  
  106  8:50  Liberator  
  106  8:51  Liberator x3  
  106  8:57  Supply Depot, SCV  
  106  8:58  SCV x2  
  106  8:59  Factory Tech Lab, Factory Reactor  
  106  9:00  Cyclone  
  106  9:02  Cyclone  
  117  9:03  Hellion x2, Command Center  
  131  9:12  Terran Vehicle And Ship Armor Level 1  
  131  9:19  Supply Depot  
  131  9:21  Supply Depot, SCV  
  131  9:22  SCV x2  
  134  9:33  Liberator x2, SCV  
  134  9:34  Liberator  
  135  9:44  Cyclone x3  
  144  9:46  Hellion  
  144  9:47  Hellion x3  
  161  9:52  Liberator  
  161  10:03  Refinery  
  161  10:06  Refinery, SCV  
  162  10:07  SCV  
  162  10:08  SCV  
  162  10:12  Hellion x3  
  162  10:13  Hellion  
  175  10:16  Hellion, Liberator, Cyclone  
  175  10:17  Hellion  
  175  10:18  SCV  
  183  10:34  Hellion x2  
  190  10:38  Cyclone x2  
  192  10:48  Cyclone  
Show
View Real Time Build Order
Export as new Build Order

SteveFrench Protoss 

Build Orders: Dark Templar Rush 

Get SALT Encoding   

  1  0:00  Probe  
  12  0:05  Probe  
  14  0:18  Pylon  
  14  0:21  Probe  
  15  0:36  Probe  
  15  0:40  Gateway  
  16  0:44  Assimilator  
  16  0:49  Probe  
  17  0:59  Probe  
  17  1:02  Pylon  
  18  1:07  Probe  
  18  1:17  Assimilator, Probe  
  20  1:29  Cybernetics Core  
  20  1:34  Forge  
  20  1:36  Probe  
  21  1:45  Zealot  
  23  1:49  Probe  
  24  2:01  Probe  
  25  2:08  Warp Gate  
  25  2:09  Twilight Council  
  25  2:13  Gateway  
  25  2:20  Stalker  
  25  2:25  Probe  
  28  2:40  Pylon  
  28  2:48  Dark Shrine  
  28  2:56  Gateway  
  28  3:04  Gateway  
  28  3:05  Probe  
  29  3:08  Protoss Ground Weapons Level 1  
  31  3:13  Sentry  
  31  3:14  Sentry  
  31  3:19  Probe  
  34  3:39  Pylon x2  
  34  3:42  Pylon  
  34  3:59  Zealot x2  
  34  4:00  Zealot  
  40  4:04  Probe  
  41  4:18  Dark Templar  
  41  4:20  Dark Templar  
  45  4:41  Nexus  
  45  4:46  Charge  
  45  4:47  Probe  
  46  4:59  Probe  
  47  5:10  Protoss Ground Armor Level 1  
  47  5:11  Probe  
  47  5:13  Pylon  
  48  5:14  Pylon  
  48  5:23  Probe  
  49  5:35  Probe  
  50  5:47  Probe  
  51  5:59  Probe  
  51  6:00  Photon Cannon  
  51  6:01  Photon Cannon  
  52  6:06  Assimilator  
  52  6:09  Assimilator, Stalker x3  
  58  6:11  Stalker  
  58  6:30  Probe  
  58  6:34  Probe  
  58  6:39  Probe  
  60  6:44  Zealot x3  
  60  6:46  Probe, Zealot  
  70  6:48  Probe  
  71  6:56  Gateway  
  71  6:58  Probe  
  71  6:59  Gateway  
  71  7:00  Probe  
  73  7:07  Protoss Shields Level 1  
  73  7:10  Probe  
  73  7:13  Probe  
  75  7:16  Stalker  
  75  7:18  Zealot x3  
  75  7:22  Probe  
  84  7:45  Dark Templar x3  
  84  7:47  Dark Templar  
  92  7:55  Probe  
  93  8:05  Nexus  
  93  8:07  Pylon x2  
  93  8:12  Probe  
  94  8:23  Pylon  
  94  8:25  Pylon, Probe  
  94  8:26  Pylon  
  95  8:30  Robotics Facility  
  95  8:45  Gateway  
  95  8:48  Gateway  
  95  8:49  Gateway  
  95  8:54  Templar Archives  
  95  8:57  Gateway  
  95  8:58  Gateway  
  95  9:07  Gateway  
  95  9:13  Zealot x5  
  105  9:18  Probe x2  
  107  9:24  Psionic Storm  
  107  9:42  Photon Cannon  
  107  9:44  Photon Cannon  
  107  9:45  Photon Cannon  
  107  9:47  Shield Battery  
  107  9:48  Shield Battery  
  107  9:53  Probe  
  107  9:54  Shield Battery  
  107  9:56  Probe x2  
  110  10:02  High Templar x3  
  110  10:03  High Templar x3  
  110  10:05  Stalker  
  124  10:25  Observer  
  125  10:46  Observer  
  100  11:05  Dark Templar  
  100  11:06  Dark Templar x2  
  100  11:09  Zealot x3  
  100  11:10  Zealot x5  
  100  11:11  Zealot  
Tags
 
Add a new tag
Caveats
  • Supply blocks, unpowered buildings, or Contaminate may cause inaccurate times.
  • Supply counts are checked every 10 seconds.